 Dungeon Crawl Stone Soup version 0.28.0-43-g3370ac3207 (webtiles) character file.

Game seed: 5543646184824026676

72 Jerry the Chucker (level 4, 42/42 HPs)
             Began as a Troll Hunter on Mar 9, 2022.
             Was a Follower of Okawaru.
             Quit the game on level 2 of the Dungeon.
             The game lasted 00:03:52 (939 turns).

Jerry the Chucker (Troll Hunter)                     Turns: 939, Time: 00:03:52

Health: 42/42      AC:  4    Str: 22    XL:     4   Next: 7%
Magic:  3/3        EV: 10    Int:  7    God:    Okawaru [*.....]
Gold:   38         SH:  0    Dex: 10    Spells: 3/3 levels left

rFire   . . .      SeeInvis .   f - +0 whip
rCold   . . .      Faith    .   (no shield)
rNeg    . . .      Spirit   .   b - +0 robe
rPois   .          Reflect  .   (helmet restricted)
rElec   .          Harm     .   (no cloak)
rCorr   .          Rampage  .   (gloves unavailable)
Will    .....                   (boots unavailable)
Stlth   +.........              (no amulet)
HPRegen 0.94/turn               (no ring)
MPRegen 0.08/turn               (no ring)

@: no status effects
A: large, unfitting armour, claws 3, regeneration 1, shaggy fur 1, tough skin 1
a: Renounce Religion, Heroism


You were on level 2 of the Dungeon.
You worshipped Okawaru.
Okawaru was aware of your devotion.
You visited 1 branch of the dungeon, and saw 2 of its levels.

You collected 38 gold pieces.

Inventory:

Hand Weapons
 f - a +0 whip (weapon)
Missiles
 c - 5 large rocks (quivered)
 d - 2 throwing nets
Armour
 b - a +0 robe (worn)
Jewellery
 i - a ring of protection from fire
Scrolls
 h - a scroll of identify {unknown}
Potions
 a - a potion of heal wounds
 e - 2 potions of degeneration {unknown}
 g - a potion of brilliance {unknown}


   Skills:
 + Level 2.1 Fighting
 * Level 2.0 Maces & Flails
 + Level 3.9 Throwing
 + Level 2.1 Dodging
 - Level 0.3 Stealth


You had 3 spell levels left.
You didn't know any spells.
Your spell library was empty.

Dungeon Overview and Level Annotations

Branches:
Dungeon (2/15)

Altars:
Okawaru


Innate Abilities, Weirdness & Mutations

You are too large for most types of armour.
You have claws for hands.
Your natural rate of healing is unusually fast.
You are covered in fur. (AC +1)
You have tough skin. (AC +1)


Message History

i - a ring of protection from fire You now have 34 gold pieces (gained 7).
A kobold comes into view. It is wielding a +0 dagger.
The kobold shouts!
The kobold hits you but does no damage.
You hit the kobold.
The kobold is severely wounded.
The kobold hits you with a +0 dagger.
You closely miss the kobold.
The kobold is severely wounded.
The kobold hits you with a +0 dagger.
You closely miss the kobold.
The kobold is severely wounded.
The kobold hits you with a +0 dagger.
You barely miss the kobold.
The kobold is severely wounded.
The kobold hits you but does no damage.
You barely miss the kobold.
The kobold is severely wounded.
The kobold completely misses you.
You barely miss the kobold.
The kobold is severely wounded.
The kobold barely misses you.
You closely miss the kobold.
The kobold is severely wounded.
The kobold hits you but does no damage.
You hit the kobold.
You kill the kobold!
No target in view!
No target in view!
You now have 38 gold pieces (gained 4).
Found a stone staircase leading down.
You see here a +0 dagger.
Found a faded altar of an unknown god.
There is a faded altar of an unknown god here.
You cannot tell which god this altar belongs to.
Convert to them anyway?
Okawaru accepts your prayer! Okawaru welcomes you!
You can now gain great but temporary skills.
Are you sure you want to abandon this character and quit the game? (Confirm with "yes".)

..#........#...###
...........#.#######
...###.............. .
...........#.#######..
######..........###..
#####........)......#
#..........#..##.##.###
...........##.#...#...#
.####......##...@...#
## #......##.#...#...#
# #..(...##.##.## #..#
# #.............. #
#####.#.#.#####.#.##
......#.#.......#..
................###.
........#...รท...# .#
................#


There were no monsters in sight!

Vanquished Creatures
  3 gnolls
  An adder (D:2)
  2 ball pythons (D:2)
  3 bats (D:1)
  An endoplasm (D:1)
  3 giant cockroaches
  6 goblins
  4 hobgoblins
  A quokka (D:2)
  4 kobolds
  3 rats
31 creatures vanquished.

Notes
Turn   | Place    | Note
-------+----------+-------------------------------------------
     0 | D:1      | Jerry the Troll Hunter began the quest for the Orb.
     0 | D:1      | Reached XP level 1. HP: 19/19 MP: 0/0
   246 | D:1      | Reached XP level 2. HP: 25/28 MP: 1/1
   453 | D:1      | Reached skill level 1 in Maces & Flails
   656 | D:1      | Reached XP level 3. HP: 35/35 MP: 2/2
   836 | D:2      | Reached XP level 4. HP: 39/42 MP: 3/3
   934 | D:2      | Found a faded altar of an unknown god.
   938 | D:2      | Prayed at the altar of an unknown god.
   938 | D:2      | Became a worshipper of Warmaster Okawaru
   938 | D:2      | Reached * piety under Okawaru
   939 | D:2      | Quit the game

Illustrated notes

Levels and vault maps discovered:
D:1:      grunt_arrival_lava_bath, layout_basic
D:2:      layout_rooms, ebering_ecumenical_altar_box,
          corexii_item_surrounded_by_moat, uniq_terence

Skill      XL: |  1  2  3  4 |
---------------+-------------+-----
Maces & Flails | 1 2 |  2.0
Fighting       | 2 |  2.1
Dodging        | 2 |  2.1
Throwing       | |  3.9
Stealth        | |  0.3

Action                   |  1- 3 |  4- 6 || total
-------------------------+-------+-------++-------
Melee: Whip              |   115 |    13 ||   128
       Short sword       |     2 |       ||     2
       Punch             |     1 |       ||     1
Throw: Large rock        |     3 |       ||     3
Armor: Robe              |    63 |     3 ||    66
Dodge: Dodged            |    71 |     4 ||    75
